 Dungeon Crawl Stone Soup version 0.31.0-12-g77e489cdc1 (webtiles) character file.

Game seed: 11112864355900847660

8800 Doomgape the Basher (level 11, 0/71 HPs)
             Began as a Gargoyle Fighter on Feb 14, 2024.
             Was an Elder of Okawaru.
             Killed by nerve-wracking pain
             ... invoked by an orc priest
              (2 damage)
             ... on level 9 of the Dungeon.
             The game lasted 00:23:37 (6359 turns).

Doomgape the Basher (Gargoyle Fighter)              Turns: 6359, Time: 00:23:37

Health: 0/71       AC: 39    Str: 27    XL:     11   Next: 36%
Magic:  17/17      EV:  7    Int:  8    God:    Okawaru [****..]
Gold:   349        SH:  5    Dex:  9    Spells: 10/10 levels left

rFire   + + .        g - +0 morningstar
rCold   + + .        c - +1 buckler
rNeg    + . .        b - +9 plate armour of the Kodama {Slay+3}
rPois   ∞            D - +2 hat
rElec   +            (no cloak)
rCorr   .            (no gloves)
SInv    +            s - +1 pair of boots of Sahanex {rF++ Int-2}
Will    .....        (no amulet) Stlth
                     d - ring of Bodil {rPois rC+ Will- Str+4 SInv}
HPRegen 0.31/turn    C - ring "Veozunguops" {rC+ AC+4}
MPRegen 0.15/turn

%: no passive effects
@: no status effects
A: sickness immunity, AC +8, negative energy resistance 1, electricity
resistance, torment resistance 1, petrification resistance
a: Renounce Religion, Heroism, Finesse


You were on level 9 of the Dungeon.
You worshipped Okawaru.
Okawaru was greatly pleased with you.
You visited 2 branches of the dungeon, and saw 10 of its levels.

You collected 349 gold pieces.

Inventory:

Hand Weapons
 g - a +0 morningstar (weapon)
Missiles
 u - 2 javelins (quivered)
 A - 2 throwing nets
Armour
 b - the +9 plate armour of the Kodama (worn) {Slay+3}
   (You found it on level 2 of the Dungeon)

   Slay+3:    It affects your accuracy & damage with ranged weapons and melee
   (+3).
 c - a +1 buckler (worn)
 s - the +1 pair of boots of Sahanex (worn) {rF++ Int-2}
   (You acquired it on level 5 of the Dungeon)

   Int-2:     It affects your intelligence (-2).
   rF++:      It greatly protects you from fire.
 D - a +2 hat (worn)
Jewellery
 d - the ring of Bodil (left hand) {rPois rC+ Will- Str+4 SInv}
   (You took it off a kobold on level 2 of the Dungeon)

   [ring of see invisible]

   Str+4:     It affects your strength (+4).
   rC+:       It protects you from cold.
   rPois:     It protects you from poison Will-: It decreases your willpower.
   SInv:      It lets you see invisible.
 y - a +4 ring of protection
 C - the ring "Veozunguops" (right hand) {rC+ AC+4}
   (You found it on level 9 of the Dungeon)

   [ring of protection]

   AC+4:      It affects your AC (+4).
   rC+:       It protects you from cold.
Wands
 a - a wand of paralysis (8)
 r - a wand of iceblast (4)
 t - a wand of polymorph (8)
 w - a wand of flame (40)
Scrolls
 n - a scroll of identify
 p - a scroll of amnesia
 q - 2 scrolls of teleportation
 x - a scroll of immolation
 B - a scroll of enchant armour
Potions
 e - a potion of might
 f - 2 potions of brilliance
 h - 10 potions of curing
 i - 3 potions of haste
 j - a potion of resistance {unknown}
 k - a potion of heal wounds
 l - a potion of magic {unknown}
 m - a potion of cancellation {unknown}
 o - a potion of lignification {unknown}
 v - a potion of mutation {unknown}
 z - a potion of enlightenment {unknown}


   Skills:
 - Level 9.1 Fighting
 + Level 11.3 Maces & Flails
 - Level 9.0 Armour
 - Level 3.2 Shields
 + Level 8.8 Invocations


You had 10 spell levels left.
You didn't know any spells.
Your spell library contained the following spells:

 Spells                   Type           Power      Damage    Failure   Level
 Passage of Golubria      Tloc           0%         N/A       100%        4
 Borgnjor's Vile Clutch   Necr/Erth      0%         N/A       100%        5
 Yara's Violent Unravell  Hex/Alch       0%         3d3       100%        5
 Tukima's Dance           Hex            Unusable   N/A       N/A         3
 Animate Dead             Necr           Unusable   N/A       N/A         4
 Death Channel            Necr           Unusable   N/A       N/A         6

Dungeon Overview and Level Annotations

Branches:
Dungeon (9/15)             Temple (1/1) D:5
   Lair: D:8-11         Orc: D:9-12

Altars:
Ashenzari
Cheibriados
Dithmenos
Elyvilon
Fedhas
Gozag
Hepliaklqana
Kikubaaqudgha
Nemelex Xobeh
Okawaru
Qazlal
Ru
Uskayaw
Vehumet
Wu Jian
Xom
Yredelemnul
Zin

Shops:
D:2 (


Innate Abilities, Weirdness & Mutations

You are immune to sickness and miasma.
Your stone body is resilient. (AC +8)
You are immune to poison.
You resist negative energy. (rN+)
You are resistant to electric shocks. (rElec)
You are resistant to unholy torment.
You are immune to petrification.


Message History

You see here 16 gold pieces.
You see here 16 gold pieces.
You now have 349 gold pieces (gained 16).
You closely miss the orc.
An orc priest comes into view. It is wielding a +0 short sword.
The orc hits you with a +0 short sword.
You thump the orc!
You kill the orc!
Okawaru accepts your kill. The orc hits you but does no damage.
You bludgeon the orc!!
You kill the orc!
Okawaru accepts your kill.
Things that are here:
a +0 mace; a +0 leather armour; an orc corpse
Found a stone staircase leading up.
The orc priest calls down the wrath of Beogh upon you.
Beogh smites you!
You are too injured to fight recklessly!
You are too injured to fight recklessly!
Unknown command.
An orc comes into view. It is wielding a +0 mace.
The orc shouts!
You hear a shout!
The orc priest invokes the aid of Beogh against you.
Beogh smites you!
* * * LOW HITPOINT WARNING * * *
You sock the orc priest!
The orc priest is almost dead.
The orc priest calls down the wrath of Beogh upon you.
Beogh smites you!
* * * LOW HITPOINT WARNING * * *
You hit the orc priest but do no damage.
The orc priest is almost dead.
The orc priest hits you but does no damage.
An orc priest comes into view. It is wielding a +0 club.
You hit the orc priest but do no damage.
The orc priest is almost dead.
The orc priest mumbles some strange prayers to Beogh against you.
Pain shoots through your body!
You die...

.......### .....(...#
..........#####.
#.....#....#....
##...###....... ##..#
##.....###
##...###....!...##
.....##..........####..o
..............).@o..o...
...).........).$........
###)).......††..........
##)..................<.
#......................
##......................
#.......................
.......##............#..
.......###..........##


You could see 2 orc priests and an orc.

Vanquished Creatures
  Gastronok (D:9)
  A boulder beetle (D:9)
  A two-headed ogre (D:9)
  Amaemon (D:8)
  Pikel (D:8)
  An orange demon (D:8)
  Prince Ribbit (D:6)
  Sigmund (D:4)
  9 yaks (D:9)
  A wyvern (D:7)
  Grum (D:8)
  A water moccasin (D:7)
  3 sky beasts
  2 ice beasts (D:7)
  An ogre (D:5)
  2 centaurs
  3 wolves (D:8)
  A phantom (D:6)
  A kobold brigand (D:6)
  A lemure (D:8)
  A gnoll sergeant (D:8)
  6 scorpions
  11 wights
  3 howler monkeys (D:5)
  3 electric eels (D:7)
  A gnoll bouda (D:5)
  4 hounds
  3 jellies
  3 orc priests
  Ijyb (D:3)
  Jessica (D:2)
  2 iguanas (D:5)
  A sleepcap (D:5)
  4 orc wizards
  Robin (D:2)
  8 gnolls
  6 adders
  A shadow imp (D:8)
  2 white imps
  3 ufetubi (D:4)
  3 ribbon worms (D:2)
  27 orcs
  6 endoplasms
  A giant cockroach (D:1)
  14 goblins
  6 hobgoblins
  8 kobolds
  2 quokkas
  A ball python (D:2)
  6 bats
  4 frilled lizards
  8 rats
185 creatures vanquished.

Vanquished Creatures (others)
  Psyche (D:8)
  A wyvern (D:8)
2 creatures vanquished.

Grand Total: 187 creatures vanquished

Notes
Turn   | Place    | Note
-------+----------+-------------------------------------------
     0 | D:1      | Doomgape the Gargoyle Fighter began the quest for the Orb.
     0 | D:1      | Reached XP level 1. HP: 14/14 MP: 1/1
    92 | D:1      | Reached XP level 2. HP: 18/19 MP: 2/2
   308 | D:1      | You fall into a shaft and drop 1 floor!
   330 | D:2      | Noticed Robin
   353 | D:2      | Identified the ring of Bodil {rPois rC+ Will- Str+4 SInv}
   356 | D:2      | Reached XP level 3. HP: 10/24 MP: 3/3
   359 | D:2      | Killed Robin
   522 | D:2      | Noticed Jessica
   527 | D:2      | Killed Jessica
   528 | D:2      | Reached skill level 3 in Maces & Flails
   528 | D:2      | Reached XP level 4. HP: 29/29 MP: 4/4
   647 | D:2      | Found Logoul's Weapon Shoppe.
   655 | D:2      | Identified the +9 plate armour of the Kodama {Slay+3}
   960 | D:3      | Noticed Ijyb
   960 | D:3      | Paralysed by Ijyb for 2 turns
   972 | D:3      | Killed Ijyb
   973 | D:3      | Reached XP level 5. HP: 30/34 MP: 5/5
  1934 | D:4      | Reached XP level 6. HP: 40/40 MP: 6/6
  1971 | D:4      | Reached skill level 5 in Fighting
  1985 | D:4      | Noticed Sigmund
  1993 | D:4      | Killed Sigmund
  1994 | D:4      | Reached skill level 4 in Maces & Flails
  1994 | D:4      | Reached skill level 5 in Armour
  2188 | D:4      | Found a glowing silver altar of Zin.
  2189 | D:4      | Noticed an angel
  2193 | D:4      | Found a shimmering altar of Xom.
  2400 | D:4      | Reached XP level 7. HP: 44/44 MP: 7/7
  2560 | D:5      | Entered Level 5 of the Dungeon
  2639 | D:5      | Found a sparkling altar of Nemelex Xobeh.
  2640 | D:5      | Found an opulent altar of Gozag.
  2723 | D:5      | Reached skill level 5 in Maces & Flails
  2898 | D:5      | Reached XP level 8. HP: 51/52 MP: 8/8
  2961 | D:5      | Found an ornate altar of the Wu Jian Council.
  2997 | D:5      | Identified a scroll of acquirement
  2997 | D:5      | Acquired the +1 pair of boots of Sahanex {rF++ Int-2}
  3135 | D:5      | Found a sacrificial altar of Ru.
  3313 | D:5      | Found a staircase to the Ecumenical Temple.
  3319 | Temple   | Entered the Ecumenical Temple
  3334 | Temple   | Became a worshipper of Warmaster Okawaru
  3440 | D:6      | Found a broken altar of Ashenzari.
  3462 | D:6      | Reached skill level 6 in Maces & Flails
  3530 | D:6      | Found a hazy altar of Hepliaklqana.
  3602 | D:6      | Reached * piety under Okawaru
  3820 | D:6      | Reached XP level 9. HP: 59/59 MP: 9/9
  4122 | D:6      | Noticed Prince Ribbit
  4128 | D:6      | Killed Prince Ribbit
  4129 | D:6      | Reached skill level 7 in Maces & Flails
  4477 | D:7      | Identified the +0 ring mail of Ovuupyng {rN+}
  4593 | D:7      | Reached ** piety under Okawaru
  4941 | D:8      | Noticed Amaemon
  4941 | D:8      | Noticed an orange demon
  4958 | D:8      | Killed an orange demon
  4959 | D:8      | Reached skill level 8 in Maces & Flails
  4974 | D:8      | Killed Amaemon
  4974 | D:8      | Reached *** piety under Okawaru
  4975 | D:8      | Reached XP level 10. HP: 52/66 MP: 8/12
  5024 | D:8      | Noticed Grum
  5046 | D:8      | Killed Grum
  5047 | D:8      | Reached skill level 9 in Maces & Flails
  5130 | D:8      | Noticed Psyche
  5175 | D:8      | Killed Psyche
  5437 | D:8      | Reached skill level 5 in Invocations
  5651 | D:8      | Noticed Pikel
  5662 | D:8      | Killed Pikel
  5749 | D:9      | Noticed a two-headed ogre
  5761 | D:9      | Killed a two-headed ogre
  5761 | D:9      | Reached **** piety under Okawaru
  5815 | D:9      | Reached skill level 10 in Maces & Flails
  5869 | D:9      | Found a radiant altar of Vehumet.
  5876 | D:9      | Noticed a boulder beetle
  5897 | D:9      | Killed a boulder beetle
  5898 | D:9      | Reached XP level 11. HP: 43/71 MP: 14/16
  6081 | D:9      | Identified the ring "Veozunguops" {rC+ AC+4}
  6194 | D:9      | Noticed Gastronok
  6212 | D:9      | Killed Gastronok
  6213 | D:9      | Reached skill level 11 in Maces & Flails
  6357 | D:9      | HP: 2/71 [orc priest/divine providence (13)]
  6359 | D:9      | Killed from afar by an orc priest

Illustrated notes

Levels and vault maps discovered:
D:1:      dpeg_arrival_arbitrary_c, layout_rooms, ebering_ecumenical_altar_webs
D:2:      layout_rooms, serial_shops, shop, uniq_jessica, uniq_robin
D:3:      minmay_skewed_foursquare, layout_basic, uniq_ijyb
D:4:      layout_loops_ring, grunt_temple_overflow_order_and_chaos_1,
          serial_demonic, serial_demonic_e, serial_demonic_g, serial_demonic_c,
          serial_demonic_b, kennysheep_diamond, uniq_sigmund
D:5:      layout_rooms, grunt_temple_overflow_opulence, marbit_many_paths,
          general_overflow_altar, minmay_temple_entry_enclosed_plants
D:6:      layout_basic, mainiacjoe_overflow_tiny_flanked,
          nicolae_hepliaklqana_hazy_memory, uniq_prince_ribbit1
D:7:      layout_cave_pools, minivault_14
D:8:      layout_basic, uniq_pikel, uniq_amaemon, uniq_grum, uniq_psyche
D:9:      layout_layer_cave, hellmonk_overflow_destroyed_library,
          nicolae_vehumet_radiance, hiddenorc2_lemuel, serial_bayou_crossing,
          uniq_gastronok, uniq_erolcha
Temple:   hellmonk_temple_beads

Skill      XL: |  1  2  3  4  5  6  7  8  9 10 11 |
---------------+----------------------------------+-----
Fighting       | 4 5 6 7 9 |  9.1
Maces & Flails | 3 4 5 6 8 10 11 | 11.3
Armour         | 4 5 6 7 9 |  9.0
Invocations    | 3 7 8 |  8.8
Shields        | |  3.2

Action                     |  1- 3 |  4- 6 |  7- 9 | 10-12 || total
---------------------------+-------+-------+-------+-------++-------
  Melee: Flail             |   109 |    28 |       |       ||   137
         Morningstar       |       |    97 |   232 |   186 ||   515
 Invoke: Heroism           |       |       |     4 |     8 ||    12
         Finesse           |       |       |       |     1 ||     1
  Evoke: Wand              |       |       |     7 |     1 ||     8
    Use: Potion            |     1 |       |       |     4 ||     5
         Scroll            |       |     5 |     6 |     1 ||    12
   Stab: Paralysed         |       |       |     4 |       ||     4
 Armour: Scale mail        |    19 |       |       |       ||    19
         Plate armour      |    75 |   123 |   236 |   186 ||   620
         Skin              |       |       |       |     8 ||     8
  Dodge: Dodged            |    43 |    51 |    91 |    73 ||   258
  Block: Buckler           |    28 |    30 |    52 |    46 ||   156
